 Dungeon Crawl Stone Soup version 0.31.0-11-ge490571c62 (webtiles) character file.

Game seed: 1993812773562934251

8085 ExZ the Nimble (level 11, 0/72 (75) HPs)
             Began as an Octopode Shapeshifter on Feb 10, 2024.
             Was an Initiate of Ashenzari.
             Slain by Maurice
             ... wielding a +0 hand axe
              (10 damage)
             ... on level 10 of the Dungeon.
             The game lasted 00:18:47 (11679 turns).

ExZ the Nimble (Octopode Shapeshifter)             Turns: 11679, Time: 00:18:48

HP:   0/72 (75)     AC:  1    Str: 17    XL:     11   Next: 25%
MP:   11/11         EV: 25    Int: 14    God:    Ashenzari [......]
Gold: 329           SH:  0    Dex: 23    Spells: 10/10 levels left

rFire   . .          .
                       - Unarmed
rCold   + . .        (shield currently unavailable)
rNeg    . . .        (helmet restricted)
rPois   .            (no amulet)
rElec   .            s - ring "Cursed Seeker" {Dex+6, Bglg, Sorc} (curse)
rCorr   .            d - ring of protection from cold
SInv    .            y - +6 ring of dexterity
Will    .....        (no ring)
Stlth   +            (no ring)
HPRegen 0.32/turn    (no ring)
MPRegen 0.12/turn    (no ring)
                     (no ring)

%: no passive effects
@: flux-form, glowing, lightly drained
A: glow, contaminating, almost no armour, amphibious, 8 rings, camouflage 1,
gelatinous body 1, (nimble swimmer 1), tentacles
a: Begin Untransformation, Renounce Religion, Curse Item, Shatter the Chains


You were on level 10 of the Dungeon.
You worshipped Ashenzari.
Ashenzari was noncommittal.
You were something dangerously unstable.
You visited 2 branches of the dungeon, and saw 11 of its levels.

You collected 395 gold pieces.
You spent 66 gold pieces at shops.

Inventory:

Armour
 k - a +0 buckler
 C - the sphere of Battle
   (You found it on level 9 of the Dungeon)

   Battle:    It summons a battlesphere in combat, with strength depending on
   Conjurations skill.
   Destructive: It enhances your destructive magic, and weakens non-destructive
   magic.
Jewellery
 d - a ring of protection from cold (right tentacle)
 s - the cursed ring "Cursed Seeker" (left tentacle) {Dex+6, Bglg, Sorc}
   (You found it on level 4 of the Dungeon)

   [ring of dexterity]

   Dex+6:     It affects your dexterity (+6).
   It has a curse which improves the following skills: Beguiling: Hexes and
   Translocations.
   Sorcery:   Conjurations and Alchemy.
 y - a +6 ring of dexterity (on tentacle)
Talismans
 b - a beast talisman
 c - a flux talisman (active)
 q - a maw talisman
Wands
 h - a wand of flame (16)
 z - a wand of light (13)
 A - a wand of iceblast (11)
Scrolls
 e - 3 scrolls of enchant armour
 g - 3 scrolls of enchant weapon
 i - a scroll of fog
 j - 3 scrolls of vulnerability
 m - 6 scrolls of noise
 n - a scroll of revelation
 t - 5 scrolls of teleportation
 D - a scroll of identify
Potions
 a - a potion of lignification
 f - a potion of cancellation
 l - 3 potions of mutation
 o - 2 potions of might
 r - 2 potions of heal wounds
 u - 2 potions of invisibility {unknown}
 v - 3 potions of curing
 w - a potion of attraction {unknown}
 x - a potion of haste
 B - a potion of enlightenment {unknown}


   Skills:
 - Level 7.2 Fighting
 - Level 10.0 Dodging
 + Level 2.0 Shields
 - Level 7.8 Unarmed Combat
 - Level 9.3 Shapeshifting


You had 10 spell levels left.
You didn't know any spells.
Your spell library contained the following spells:

 Spells                   Type           Power      Damage    Failure   Level
 Ensorcelled Hibernation  Hex/Ice        0%         N/A       41%         2
 Lesser Beckoning         Tloc           0%         N/A       41%         2
 Gell's Gravitas          Tloc           0%         N/A       65%         3
 Passwall                 Erth           0%         N/A       65%         3
 Swiftness                Air            0%         N/A       65%         3
 Teleport Other           Tloc           0%         N/A       65%         3
 Volatile Blastmotes      Fire/Tloc      0%         2d10      65%         3
 Fulminant Prism          Conj/Alch      0%         3d5       96%         4
 Iskenderun's Mystic Bla  Conj/Tloc      0%         2d3       96%         4


Dungeon Overview and Level Annotations

Branches:
Dungeon (10/15)            Temple (1/1) D:4            Lair (0/5) D:10
    Orc (0/2) D:10

Altars:
Ashenzari
Cheibriados
Dithmenos
Elyvilon
Fedhas
Gozag
Hepliaklqana
Kikubaaqudgha
Makhleb
Nemelex Xobeh
Okawaru
Qazlal
Ru
Sif Muna
Uskayaw
Vehumet
Wu Jian
Xom
Yredelemnul
Zin
The Shining One

Shops:
D:3 ?   D:8 :

Annotations:
D:3 Natasha
D:10 Maurice


Innate Abilities, Weirdness & Mutations

You are something dangerously unstable.
You glow with magical radiation, making you easy to see and hit.
Foes you strike become dangerously contaminated with magical radiation.
You are incapable of wielding weapons or throwing items.
You cannot wear most types of armour.
You are amphibious.
You can wear up to eight rings at the same time.
Your skin changes colour to match your surroundings (Stealth+).
Your rubbery body absorbs attacks. (AC +1, EV +1)
((You are camouflaged when in or above water. (Stealth+)))
You have tentacles for arms and can constrict up to eight enemies at once.


Message History

Items here: ))) [[[.
Found a pair of boots.
You see here a +0 pair of boots.
Maurice the Thief comes into view.
He is wielding a +0 hand axe and carrying a wand of mindburst.
Maurice is nearby!
Unknown command.
Found a crooked runed staff.
Found a staircase to the Lair.
You enter the deep water.
Maurice shouts!
Maurice gestures wildly while chanting.
Maurice flickers and vanishes!
Deactivating autopickup; reactivate with Ctrl-A.
You see here a +0 pair of boots.
A stone appears from out of thin air!
The stone hits you.
You hear a zap.
Your mind is blasted!
A stone appears from out of thin air!
The stone hits you.
A stone appears from out of thin air!
The stone hits you!
A stone appears from out of thin air!
The stone hits you.
You see here a +0 pair of boots.
A stone appears from out of thin air!
The stone hits you.
You hear a zap.
Your mind is blasted!
You bludgeon something!
Maurice begins to glow.
You grab Maurice.
Maurice is lightly wounded.
You constrict Maurice. Maurice hits you with a +0 hand axe!
Maurice steals 95 gold pieces!
You now have 329 gold pieces.
Maurice closely misses you.
You tentacle-slap Maurice but do no damage.
Maurice glows dangerously bright.
You squeeze Maurice, but do no damage.
Maurice is lightly wounded.
You constrict Maurice. Maurice completely misses you. x2
You completely miss Maurice.
Maurice is moderately wounded.
You constrict Maurice.
Maurice zaps a wand.
Your mind is blasted!
* * * LOW HITPOINT WARNING * * *
You tentacle-slap Maurice.
Maurice shudders as magic cascades through him!!
Maurice twists and deforms.
You constrict something. Something hits you!
You die...

#.# #.# #.#
#.# #.# #.#
#[#
#.########.
#p#.........
#.{....###..
##..#...≈...
###..#...#
#.##..P##
#..PPP...
#≈.PP>P..
#....P...
#.##...##


There were no monsters in sight!

Vanquished Creatures
  A two-headed ogre (D:7)
  2 tengu conjurers (D:9)
  2 trolls (D:10)
  Grinder (D:4)
  Sigmund (D:3)
  A wyvern (D:9)
  9 yaks
  A steam dragon (D:8)
  2 acid dragons
  A water moccasin (D:5)
  Duvessa (D:5)
  An ice beast (D:7)
  4 orc warriors
  3 black bears
  3 ogres
  A phantom (D:6)
  2 kobold brigands
  A gnoll sergeant (D:10)
  4 bullfrogs
  2 scorpions
  20 wights
  Dowan (D:5)
  6 killer bees (D:9)
  3 electric eels (D:10)
  3 howler monkeys
  2 bombardier beetles
  A jelly (D:6)
  7 orc priests
  2 hounds
  A gnoll bouda (D:7)
  Crazy Yiuf (D:5)
  Terence (D:2)
  Natasha (D:3)
  11 orc wizards
  10 gnolls
  3 adders
  2 white imps
  2 ufetubi (D:6)
  A ribbon worm (D:5)
  3 dart slugs (D:2)
  54 orcs
  9 ball pythons
  8 bats
  6 endoplasms
  3 giant cockroaches
  8 goblins
  4 hobgoblins
  6 jackals
  3 quokkas
  3 frilled lizards
  12 kobolds
  4 rats
244 creatures vanquished.

Notes
Turn   | Place    | Note
-------+----------+-------------------------------------------
     0 | D:1      | ExZ the Octopode Shapeshifter began the quest for the Orb.
     0 | D:1      | Reached XP level 1. HP: 13/13 MP: 1/1
    82 | D:1      | Reached XP level 2. HP: 12/18 MP: 2/2
   428 | D:1      | Reached XP level 3. HP: 24/24 MP: 3/3
   869 | D:2      | You fall into a shaft and drop 1 floor!
   949 | D:2      | Noticed Terence
   955 | D:2      | Killed Terence
   956 | D:2      | Reached XP level 4. HP: 16/30 MP: 4/4
  1358 | D:3      | Noticed Natasha
  1365 | D:3      | Killed Natasha
  1453 | D:3      | Noticed Natasha
  1465 | D:3      | Noticed Sigmund
  1474 | D:3      | Killed Sigmund
  1475 | D:3      | Reached skill level 5 in Unarmed Combat
  1475 | D:3      | Reached XP level 5. HP: 31/37 MP: 5/5
  1475 | D:3      | Reached XP level 6. HP: 37/43 MP: 6/6
  1582 | D:3      | Found Gehumub's Magic Scroll Boutique.
  1590 | D:3      | Bought a scroll of identify for 22 gold pieces
  1590 | D:3      | Bought a scroll of identify for 22 gold pieces
  1590 | D:3      | Bought a scroll of identify for 22 gold pieces
  2140 | D:4      | Found a staircase to the Ecumenical Temple.
  2153 | D:4      | Noticed Grinder
  2319 | D:4      | Paralysed by Grinder for 3 turns
  2326 | D:4      | Killed Grinder
  2327 | D:4      | Reached skill level 5 in Shapeshifting
  2327 | D:4      | Reached XP level 7. HP: 33/48 MP: 7/7
  2829 | D:5      | Entered Level 5 of the Dungeon
  2829 | D:5      | Noticed Duvessa
  2829 | D:5      | Noticed Dowan
  2885 | Temple   | Entered the Ecumenical Temple
  2896 | Temple   | Became a worshipper of Ashenzari the Shackled
  3013 | D:5      | Found a runed translucent door.
  3014 | D:5      | Noticed Crazy Yiuf
  3123 | D:5      | Killed Duvessa
  3128 | D:5      | Killed Dowan
  3507 | D:5      | Reached XP level 8. HP: 53/54 MP: 8/8
  3628 | D:5      | Found a snail-covered altar of Cheibriados.
  3950 | D:5      | Killed Crazy Yiuf
  4020 | D:6      | Found an opulent altar of Gozag.
  4246 | D:6      | Found a shimmering blue altar of Sif Muna.
  4768 | D:6      | Reached XP level 9. HP: 17/57 MP: 9/9
  5495 | D:7      | Found a stormy altar of Qazlal.
  5556 | D:7      | Found a hazy altar of Hepliaklqana.
  6064 | D:7      | Reached skill level 3 in Dodging
  6115 | D:7      | Noticed a troll
  6362 | D:7      | Reached skill level 4 in Dodging
  6582 | D:7      | Reached skill level 5 in Dodging
  6838 | D:7      | Reached skill level 6 in Dodging
  7600 | D:8      | Noticed a two-headed ogre
  7741 | D:7      | Killed a two-headed ogre
  7742 | D:7      | Reached skill level 8 in Dodging
  7742 | D:7      | Reached XP level 10. HP: 19/64 MP: 10/10
  7991 | D:8      | Reached skill level 9 in Dodging
  8497 | D:8      | Found Tolur's Vocational Training.
  8546 | D:8      | Found a shadowy altar of Dithmenos.
  8941 | D:8      | Found a shimmering altar of Xom.
  8987 | D:9      | Reached skill level 10 in Dodging
  9188 | D:9      | Found a blossoming altar of Fedhas.
  9424 | D:9      | Reached skill level 5 in Fighting
 10046 | D:9      | Found the sphere of Battle
 10319 | D:10     | Entered Level 10 of the Dungeon
 10398 | D:10     | Reached XP level 11. HP: 57/69 MP: 11/11
 10443 | D:10     | Found a staircase to the Orcish Mines.
 11287 | D:10     | Reached skill level 1 in Shields
 11567 | D:10     | Found a burning altar of Makhleb.
 11647 | D:10     | Noticed Maurice
 11651 | D:10     | Found a staircase to the Lair.
 11676 | D:10     | Maurice stole 95 gold
 11679 | D:10     | Slain by Maurice

Illustrated notes

Levels and vault maps discovered:
D:1:      nicolae_arrival_washed_ashore, layout_loops_ring
D:2:      layout_rooms, kennysheep_cluttered_room, skrybe_limestone_x,
          uniq_terence
D:3:      layout_rooms, serial_shops, shop, uniq_sigmund, uniq_natasha
D:4:      layout_loops_ring, temple_doors_ab, uniq_grinder
D:5:      layout_gridville, slow_altar_1, serial_glass, glass_columns_b,
          glass_columns_c, uniq_crazy_yiuf_cottage, uniq_duvessa
D:6:      layout_basic, lemuel_tele_altar, mainiacjoe_overflow_surrounded_room
D:7:      layout_layer_cave, nicolae_qazlal_scattered_showers,
          nicolae_hepliaklqana_hippocampus, nrook_pool_corridor
D:8:      layout_cave_pools, kennysheep_mini_moat,
          nicolae_overflow_hidden_temple, nicolae_shop_vocational
D:9:      layout_basic, fedhas_altar_3, hellmonk_guarded_unrand_sphere_of_battle
D:10:     layout_basic, marbit_many_paths, amcnicky_altar_gilded,
          dpeg_oklobed_lair, hiddenorc2_lemuel, serial_shops, shop, uniq_maurice
Temple:   hellmonk_temple_flake

Skill      XL: |  1  2  3  4  5  6  7  8  9 10 11 |
---------------+----------------------------------+-----
Fighting       | 2 4 6 7 |  7.2
Unarmed Combat | 4 5 7 |  7.8
Shapeshifting  | 5 6 9 |  9.3
Dodging        | 8 10 | 10.0
Shields        | 2 |  2.0

Action                     |  1- 3 |  4- 6 |  7- 9 | 10-12 || total
---------------------------+-------+-------+-------+-------++-------
  Melee: Unarmed           |    48 |    75 |   218 |   292 ||   633
         Tentacles         |     4 |    14 |    72 |    89 ||   179
         Constrict         |     8 |    20 |    58 |    73 ||   159
         Punch             |       |     3 |     6 |       ||     9
 Invoke: Curse Item        |       |       |     1 |       ||     1
  Evoke: Wand              |       |       |     1 |     8 ||     9
    Use: Scroll            |       |     7 |     6 |     7 ||    20
         Potion            |       |     1 |     3 |       ||     4
   Stab: Sleeping          |     9 |     1 |     2 |     1 ||    13
         Distracted        |       |       |     1 |     1 ||     2
 Armour: Skin              |    23 |    26 |    93 |   101 ||   243
  Dodge: Dodged            |    37 |    47 |   175 |   263 ||   522
   Form: Flux              |       |       |     1 |       ||     1
